 Dungeon Crawl Stone Soup version 0.23.2-30-g0e89c35649 (webtiles) character file.

Game seed: 6537395112320902778

448 Kobolds4U the Magician (level 6, -1/32 HPs)
             Began as a Deep Elf Conjurer on June 18, 2019.
             Shot with an arrow by a centaur (6 damage)
             ... on level 4 of the Dungeon.
             The game lasted 00:11:12 (3621 turns).

Kobolds4U the Magician (Deep Elf Conjurer)          Turns: 3621, Time: 00:11:13

Health: -1/32      AC:  4    Str:  6    XL:     6   Next: 73%
Magic:  0/18       EV: 13    Int: 25    God:
Gold:   37         SH:  0    Dex: 15    Spells: 9/19 levels left

rFire    . . .     SeeInvis .   a - +1 rapier (holy)
rCold    . . .     Gourm    .   (no shield)
rNeg     . . .     Faith    .   f - +1 robe
rPois    .         Spirit   +   w - +0 helmet (curse)
rElec    .         Reflect  .   r - scarf {Spirit}
rCorr    .         Harm     .   (no gloves)
MR       .....                  (no boots)
Stlth    +++.......             q - amulet of rage
HPRegen  0.10/turn              l - +4 ring of intelligence
MPRegen  0.16/turn              (no ring)

@: no status effects
A: no striking features
a: Evoke Berserk Rage


You were on level 4 of the Dungeon.
You were not hungry.

You visited 1 branch of the dungeon, and saw 4 of its levels.

You collected 221 gold pieces.
You spent 184 gold pieces at shops.

Inventory:

Hand Weapons
 a - a +1 rapier of holy wrath (weapon)
Missiles
 i - 30 arrows
Armour
 f - a +1 robe (worn)
 r - a scarf of spirit shield (worn)
 w - a cursed +0 helmet (worn)
Jewellery
 l - a +4 ring of intelligence (left hand)
 q - an amulet of rage (around neck)
Scrolls
 d - a scroll of blinking {unknown}
 e - a scroll of fear {unknown}
 h - 2 scrolls of identify {unknown}
 j - a scroll of noise {unknown}
 n - a scroll of magic mapping {unknown}
 p - a scroll of enchant weapon {unknown}
 s - 2 scrolls of remove curse {unknown}
 t - 2 scrolls of enchant armour
 v - a scroll of teleportation {unknown}
Potions
 g - 2 potions of berserk rage {unknown}
 k - 2 potions of haste {unknown}
 m - 2 potions of heal wounds {unknown}
 o - a potion of lignification {unknown}
 u - a potion of flight {unknown}
 x - a potion of invisibility {unknown}
Comestibles
 b - 3 chunks of flesh
 c - 8 rations


   Skills:
 + Level 0.0 Short Blades
 - Level 2.4 Dodging
 * Level 4.8 Stealth
 - Level 7.0 Spellcasting
 - Level 5.0 Conjurations
 - Level 3.0 Hexes
 - Level 2.0 Translocations


You had 9 spell levels left.
You knew the following spells:

 Your Spells              Type           Power        Failure   Level  Hunger
a - Magic Dart            Conj           ####         1%          1    None
b - Searing Ray           Conj           ####..       1%          2    None
c - Dazzling Spray        Conj/Hex       ####..       3%          3    None
d - Force Lance           Conj/Tloc      ####....     16%         4    ###....

Your spell library contained the following spells:

 Spells                   Type           Power        Failure   Level  Hunger
 Iskenderun's Mystic Bla  Conj           ####....     9%          4    ###....
 Fulminant Prism          Conj/Hex       ####......   13%         4    ###....


Dungeon Overview and Level Annotations

Branches:
Dungeon (4/15)
 Temple: D:4-7

Altars:

Shops:
D:4 (


Message History

You see here an arrow.
The centaur shoots an arrow.
The arrow hits you!
You see here an arrow.
The centaur shoots an arrow.
The arrow hits you!
* * * LOW HITPOINT WARNING * * *
Casting: Magic Dart (safe; 1% risk of failure)
Confirm with . or Enter, or press ? or * to list all spells.
Aiming: Searing Ray (safe; 1% risk of failure)
Press: ? - help, Shift-Dir - straight line, f/p - centaur
Aim: a centaur, wielding a +0 shortbow and wearing a +2 ring of strength (lightly wounded)
The searing ray hits the centaur.
The centaur is moderately wounded. (Press . to maintain the ray.)
The centaur shoots an arrow.
The arrow misses you.
The searing ray hits the centaur.
The centaur is moderately wounded.
The centaur shoots an arrow.
The arrow hits you.
* * * LOW HITPOINT WARNING * * *
The centaur shoots an arrow.
The arrow hits you!
You die...

#####
#########...#
#.(.@......∩###
#c#####.>..÷..#
#(# #.##.##.# #
#<# #.##.##.#
#. ##.##
#....##.# .
#.##...#
#.#####.#
...#......#
#.#####.#
#.......c..#
#.......#
#...##.....#
#.#######


You could see a centaur.

Vanquished Creatures
  Sigmund (D:2)
  A phantom (D:4)
  A jelly (D:3)
  A worker ant (D:4)
  4 adders
  A worm (D:2)
  3 dart slugs (D:1)
  3 leopard geckos
  6 orcs
  5 giant cockroaches
  9 goblins
  14 hobgoblins
  8 jackals
  7 kobolds
  8 bats
  8 frilled lizards
  5 rats
85 creatures vanquished.

Notes
Turn   | Place    | Note
-------+----------+-------------------------------------------
     0 | D:1      | Kobolds4U the Deep Elf Conjurer began the quest for the
                  | Orb.
     0 | D:1      | Reached XP level 1. HP: 10/10 MP: 6/6
   235 | D:1      | Reached XP level 2. HP: 15/15 MP: 2/8
   290 | D:1      | Learned a level 2 spell: Searing Ray
   483 | D:1      | Reached skill level 4 in Spellcasting
   809 | D:1      | Reached XP level 3. HP: 19/19 MP: 6/10
   942 | D:1      | Learned a level 3 spell: Dazzling Spray
  1581 | D:2      | Reached skill level 5 in Spellcasting
  1660 | D:2      | Reached skill level 1 in Hexes
  1660 | D:2      | Reached XP level 4. HP: 24/24 MP: 7/13
  1737 | D:2      | Reached skill level 5 in Conjurations
  1750 | D:2      | Learned a level 4 spell: Force Lance
  2345 | D:2      | Noticed Sigmund
  2352 | D:2      | Killed Sigmund
  2352 | D:2      | Reached skill level 6 in Spellcasting
  2352 | D:2      | Reached XP level 5. HP: 28/28 MP: 4/16
  2440 | D:2      | Reached XP level 6. HP: 32/32 MP: 17/17
  3182 | D:3      | Reached skill level 7 in Spellcasting
  3585 | D:4      | Found Naohav's Weapon Shoppe.
  3593 | D:4      | Bought a +1 rapier of holy wrath for 184 gold pieces
  3621 | D:4      | Shot with an arrow by a centaur

Skill      XL: |  1  2  3  4  5  6 |
---------------+-------------------+-----
Spellcasting   | 4 5 6 7 |  7.0
Hexes          | 1 3 |  3.0
Conjurations   | 5 |  5.0
Translocations | 2 |  2.0
Stealth        | 4 |  4.8
Dodging        | |  2.4

Action                   |  1- 3 |  4- 6 || total
-------------------------+-------+-------++-------
Melee: Unarmed           |     1 |       ||     1
       Dagger            |     4 |    25 ||    29
 Cast: Magic Dart        |    93 |    60 ||   153
       Searing Ray       |     2 |     8 ||    10
       Dazzling Spray    |       |     1 ||     1
       Force Lance       |       |     2 ||     2
  Use: Scroll            |       |     1 ||     1
 Stab: Sleeping          |       |     5 ||     5
  Eat: Chunk             |     2 |     6 ||     8
Armor: Robe              |     2 |     3 ||     5
Dodge: Dodged            |    27 |    32 ||    59
